 Dungeon Crawl Stone Soup version 0.29.1-13-g9f3cf754e1 (webtiles) character file.

Game seed: 14035968032137510026

1750 Vulpanium the Cudgeller (level 8, -7/102 HPs)
             Began as a Black Draconian Monk on Jan 28, 2023.
             Was a Priest of Fedhas.
             Mangled by a yak (9 damage)
             ... on level 6 of the Dungeon.
             The game lasted 00:14:57 (6712 turns).

Vulpanium the Cudgeller (Black Draconian Monk)      Turns: 6712, Time: 00:14:57

Health: -7/102     AC: 10    Str: 16    XL:     8   Next: 78%
Magic:  2/2        EV: 18    Int: 11    God:    Fedhas [***...]
Gold:   224        SH:  5    Dex: 13    Spells: 7/7 levels left

rFire   . . .      SeeInvis .   u - +6 hammer of Qunkism {antimagic, rElec}
rCold   . . .      Faith    .   (no shield)
rNeg    . . .      Spirit   .   (body armour unavailable)
rPois   .          Reflect  +   (helmet restricted)
rElec   +          Harm     .   t - +2 cloak
rCorr   .          Rampage  .   (no gloves)
Will    .....                   m - +0 pair of boots
Stlth   ..........              y - amulet of reflection
HPRegen 0.27/turn               k - +4 ring of evasion
MPRegen 0.08/turn               (no ring)

@: berserking (expiring), very quick
A: breathe lightning, AC +6, unfitting armour, electricity resistance,
cold-blooded
a: Breathe Lightning, Renounce Religion, Wall of Briars, Grow Ballistomycete


You were on level 6 of the Dungeon.
You worshipped Fedhas.
Fedhas was most pleased with you.
You visited 1 branch of the dungeon, and saw 6 of its levels.

You collected 224 gold pieces.

Inventory:

Hand Weapons
 a - a +0 hand axe
 s - a +2 quarterstaff of chaos
 u - the +6 hammer of Qunkism (weapon) {antimagic, rElec}
   (You found it on level 2 of the Dungeon)

   It reduces the magical energy of the wielder, and disrupts the spells and
   magical abilities of those it strikes.
   Natural abilities and divine invocations are not affected.
   rElec:     It insulates you from electricity.
Armour
 m - a +0 pair of boots (worn)
 t - a +2 cloak (worn)
Jewellery
 k - a +4 ring of evasion (left hand)
 y - an amulet of reflection (around neck)
Wands
 w - a wand of iceblast (2)
Scrolls
 d - 3 scrolls of teleportation
 e - 2 scrolls of vulnerability {unknown}
 g - a scroll of magic mapping {unknown}
 h - 5 scrolls of identify
 i - a scroll of butterflies {unknown}
 n - 2 scrolls of poison {unknown}
 r - 2 scrolls of immolation {unknown}
 v - a scroll of torment
 A - a scroll of acquirement {unknown}
 B - a scroll of enchant weapon {unknown}
 C - a scroll of enchant armour {unknown}
Potions
 b - 2 potions of ambrosia
 c - 2 potions of heal wounds {unknown}
 f - a potion of flight {unknown}
 j - 2 potions of curing
 l - 2 potions of haste {unknown}
 o - a potion of berserk rage
 p - 3 potions of brilliance
 q - a potion of invisibility {unknown}
 x - a potion of cancellation {unknown}
 z - a potion of mutation {unknown}
 D - a potion of magic


   Skills:
 + Level 5.3 Fighting
 + Level 5.0(6.6) Axes
 + Level 6.7(7.5) Maces & Flails
 + Level 5.3 Dodging
 + Level 4.6 Stealth
 + Level 1.7 Shields


You had 7 spell levels left.
You didn't know any spells.
Your spell library contained the following spells:

 Spells                   Type           Power      Damage    Failure   Level
 Summon Small Mammal      Summ           0%         N/A       34%         1
 Call Canine Familiar     Summ           0%         N/A       71%         3
 Ignite Poison            Fire/Tmut/Pois 0%         N/A       71%         3
 Mephitic Cloud           Conj/Pois/Air  0%         N/A       71%         3
 Summon Guardian Golem    Hex/Summ       0%         N/A       71%         3
 Freezing Cloud           Conj/Ice/Air   0%         6-21      100%        5


Dungeon Overview and Level Annotations

Branches:
Dungeon (6/15)
 Temple: D:4-7

Altars:
Fedhas
Hepliaklqana

Shops:
D:3 !*?=

Annotations:
D:6 2 runed translucent doors, SirLogeyBear's ghost, novice HOBe


Innate Abilities, Weirdness & Mutations

You can breathe wild blasts of lightning.
Your glossy black scales are hard. (AC +6)
You cannot fit into any form of body armour.
You are resistant to electric shocks. (rElec)
You are cold-blooded and may be slowed by cold attacks.


Message History

Your Fighting skill increases to level 5!
Your base Maces & Flails skill increases to level 6!
Your Dodging skill increases to level 5!
Your Shields skill increases to level 1!
The ice beast hits you but does no damage.
The yak gores you!
* * * LOW HITPOINT WARNING * * *
Things that are here:
a +1 whip of flaming; a +0 robe; 2 ruby potions You hit the yak.
The yak is lightly wounded.
The ice beast closely misses you. The yak gores you.
* * * LOW HITPOINT WARNING * * *
You barely miss the yak. You tail-slap the yak!
The yak is moderately wounded.
You sock the yak!
The yak is severely wounded.
You have got your breath back.
The yak gores you!
* * * LOW HITPOINT WARNING * * *
The ice beast barely misses you. The yak barely misses you.
You hit the yak.
The yak is almost dead.
The yak misses you. The yak gores you!
* * * LOW HITPOINT WARNING * * *
The ice beast hits you.
* * * LOW HITPOINT WARNING * * *
The ice beast freezes you!
* * * LOW HITPOINT WARNING * * *
You barely miss the yak.
The yak is almost dead.
You sock the yak!
You kill the yak!
Fedhas appreciates your contribution to the ecosystem.
You block the ice beast's attack.
You sock the yak!
The yak is moderately wounded.
The yak gores you!
You die...
Fedhas appreciates your contribution to the ecosystem.

### #.. ##.# .># !..
#Y# #.# ######.###
#.# #....Y@Y.# #####
#.###.####.#.# ....#
#.....#......#
###.###.....#.#....#
# #.##.............#
# #.##......#......#
# #.##..†...#......#
# #.##.####.#......#
###'##.# #.#......#


You could see 2 yaks and an ice beast.

Vanquished Creatures
  Pikel (D:6)
  Sigmund (D:3)
  A yak (D:6)
  A water moccasin (D:5)
  2 ice beasts
  A sky beast (D:5)
  2 lemures (D:6)
  3 scorpions
  The ghost of nroviw the Trooper, a weakling HOFi (D:3)
  2 jellies
  An orc priest (D:4)
  2 hounds
  Crazy Yiuf (D:2)
  An iguana (D:6)
  An orc wizard (D:4)
  Terence (D:3)
  2 adders
  A dart slug (D:4)
  4 orcs (D:4)
  8 bats
  7 endoplasms
  5 giant cockroaches
  7 goblins
  9 hobgoblins
  3 jackals (D:1)
  5 kobolds
  A quokka (D:1)
  7 ball pythons
  2 frilled lizards (D:1)
  3 rats
86 creatures vanquished.

Vanquished Creatures (others)
  14 fungi (D:4)
  24 plants (D:4)
38 creatures vanquished.

Grand Total: 124 creatures vanquished

Notes
Turn   | Place    | Note
-------+----------+-------------------------------------------
     0 | D:1      | Vulpanium the Draconian Monk began the quest for the Orb.
     0 | D:1      | Reached XP level 1. HP: 19/19 MP: 1/1
   275 | D:1      | Reached XP level 2. HP: 26/26 MP: 2/2
  1161 | D:1      | Reached XP level 3. HP: 33/33 MP: 3/3
  2611 | D:2      | Found a runed translucent door.
  2612 | D:2      | Noticed Crazy Yiuf
  2828 | D:2      | Killed Crazy Yiuf
  2829 | D:2      | Reached XP level 4. HP: 12/40 MP: 4/4
  3149 | D:2      | Identified the +6 hammer of Qunkism {antimagic, rElec}
  3229 | D:3      | Found Bofiakuc's Magic Scroll Boutique.
  3233 | D:3      | Found Urokkono's Jewellery Emporium.
  3244 | D:3      | Noticed Sigmund
  3258 | D:3      | Killed Sigmund
  3259 | D:3      | Reached XP level 5. HP: 31/46 MP: 1/5
  3447 | D:3      | Reached skill level 1 in Maces & Flails
  3527 | D:3      | Found a runed translucent gate.
  3527 | D:3      | Found a runed translucent gate.
  3527 | D:3      | Found a runed translucent gate.
  3531 | D:3      | Noticed nroviw's ghost (weakling HOFi)
  3541 | D:3      | Killed nroviw's ghost
  3542 | D:3      | Reached XP level 6. HP: 32/52 MP: 2/6
  3734 | D:3      | Found Ydirch's Distillery.
  3760 | D:3      | Found a faded altar of an unknown god.
  3770 | D:3      | Found Tashocw's Assorted Antiques.
  3773 | D:3      | Prayed at the altar of an unknown god.
  3773 | D:3      | Became a worshipper of Fedhas Madash
  3773 | D:3      | Reached * piety under Fedhas
  3773 | D:3      | Reached ** piety under Fedhas
  3782 | D:3      | Noticed Terence
  3797 | D:3      | Killed Terence
  4262 | D:3      | Reached *** piety under Fedhas
  4640 | D:4      | Noticed an ice beast
  4648 | D:4      | Killed an ice beast
  4649 | D:4      | Reached skill level 5 in Axes
  4649 | D:4      | Reached skill level 2 in Maces & Flails
  4711 | D:4      | Your scales start taking on a glossy black colour.
  4711 | D:4      | Reached XP level 7. HP: 60/60 MP: 2/7
  4711 | D:4      | Gained mutation: You are resistant to electric shocks.
                  | (rElec) [Black Draconian growth]
  5053 | D:4      | Found a blossoming altar of Fedhas.
  5078 | D:4      | Noticed an oklob plant
  5303 | D:4      | Reached skill level 3 in Maces & Flails
  5554 | D:5      | Entered Level 5 of the Dungeon
  5821 | D:5      | Reached skill level 4 in Maces & Flails
  5954 | D:5      | Found a hazy altar of Hepliaklqana.
  5968 | D:5      | Reached XP level 8. HP: 55/67 MP: 2/8
  6072 | D:5      | Identified the +10 sling of Odwewk {speed, Fly rC+}
  6136 | D:5      | Reached skill level 5 in Maces & Flails
  6639 | D:6      | Noticed SirLogeyBear's ghost (novice HOBe)
  6644 | D:6      | Noticed a troll
  6647 | D:6      | Found a runed translucent gate.
  6647 | D:6      | Found a runed translucent gate.
  6687 | D:6      | Noticed Pikel
  6704 | D:6      | Killed Pikel
  6705 | D:6      | Reached skill level 5 in Fighting
  6705 | D:6      | Reached skill level 6 in Maces & Flails
  6705 | D:6      | Reached skill level 5 in Dodging
  6705 | D:6      | Reached skill level 1 in Shields
  6709 | D:6      | HP: 1/102 [ice beast (7)]
  6712 | D:6      | Mangled by a yak

Illustrated notes

Levels and vault maps discovered:
D:1:      dpeg_arrival_court, layout_basic, serial_rivers,
          chequers_serial_rivers_micro_d, chequers_serial_rivers_small_b,
          chequers_serial_rivers_micro_e, chequers_serial_rivers_marsh,
          chequers_serial_rivers_small_a
D:2:      layout_loops_ring, uniq_crazy_yiuf_cottage
D:3:      layout_loops_ring, ebering_ecumenical_altar_hall,
          ebering_ghost_rock_garden, serial_shops, shop_fountains,
          nicolae_shop_statue_plus, shop, nicolae_square_shop, uniq_terence,
          uniq_sigmund
D:4:      layout_loops_ring, tgw_fedhas
D:5:      layout_cave_pools, mainiacjoe_overflow_chevrons,
          minmay_tree_intersection
D:6:      layout_basic, minmay_temple_entry_enclosed_plants, serial_shops, shop,
          gup_sewer_entry_spiral, gammafunk_ghost_split, uniq_pikel

Skill      XL: |  1  2  3  4  5  6  7  8 |
---------------+-------------------------+-----
Dodging        | 3 4 5 |  5.3
Stealth        | 2 3 4 |  4.6
Fighting       | 4 5 |  5.3
Axes           | 4 5 |  5.0
Maces & Flails | 1 2 4 6 |  6.7
Shields        | 1 |  1.7

Action                   |  1- 3 |  4- 6 |  7- 9 || total
-------------------------+-------+-------+-------++-------
Melee: Hand axe          |   116 |       |       ||   116
       Tailslap          |    15 |     7 |    16 ||    38
       Punch             |     1 |     1 |     2 ||     4
       Mace              |       |    68 |   108 ||   176
 Abil: Breathe Lightning |       |       |     3 ||     3
  Use: Scroll            |       |     5 |       ||     5
       Potion            |       |     1 |     1 ||     2
 Stab: Sleeping          |     4 |     3 |     2 ||     9
Armor: Skin              |    35 |    27 |    29 ||    91
Dodge: Dodged            |   116 |    81 |    85 ||   282
Block: Other             |       |       |    18 ||    18
